 Dungeon Crawl Stone Soup version 0.21.0-25-ge575cb9 (webtiles) character file.

189 doot the Grasshopper (level 5, -2/42 HPs)
             Began as a Centaur Warper on Jan 26, 2018.
             Slain by an ogre
             ... wielding a +0 giant club
              (29 damage)
             ... on level 4 of the Dungeon.
             The game lasted 00:15:34 (4825 turns).

doot the Grasshopper (Centaur Warper)               Turns: 4825, Time: 00:15:35

Health: -2/42      AC:  5    Str: 14    XL:     5   Next: 40%
Magic:  4/8        EV:  5    Int: 12    God:
Gold:   222        SH: 12    Dex:  9    Spells: 1/8 levels left

rFire    + . .     SeeInvis .   p - staff of wizardry (curse)
rCold    . . .     Gourm    .   t - +2 large shield
rNeg     . . .     Faith    .   b - +0 leather armour
rPois    .         Spirit   .   (no helmet)
rElec    .         Reflect  .   m - +0 cloak
rCorr    .         Harm     .   (no gloves)
MR       .....     Rnd*Tele +   (no barding)
Stlth    ++........             (no amulet)
HPRegen  0.14/turn              j - ring of stealth
MPRegen  0.11/turn              i - ring of teleportation (curse)

@: lethally poisoned (-2 -> -6), very slightly contaminated, very quick
A: large, hooves 3, deformed body, fire resistance 1, speed 2, tough skin 3,
MP-powered wands, sturdy frame 1
a: no special abilities


You were on level 4 of the Dungeon.
You were hungry.

You visited 1 branch of the dungeon, and saw 5 of its levels.

You collected 222 gold pieces.

Inventory:

Hand Weapons
 n - a +0 halberd
 s - a +2 trident of protection
Missiles
 e - 5 tomahawks of dispersal (quivered)
Armour
 b - a +0 leather armour (worn)
 m - a +0 cloak (worn)
 t - a +2 large shield (worn)
Magical Staves
 p - a cursed staff of wizardry (weapon)
Jewellery
 h - an uncursed ring of flight
 i - a cursed ring of teleportation (right hand)
 j - a ring of stealth (left hand)
Wands
 o - a wand of paralysis (10)
Scrolls
 d - a scroll of blinking
 q - 2 scrolls of teleportation
Potions
 a - 2 potions of magic {unknown}
 g - 3 potions of might
 k - a potion of cancellation {unknown}
 l - 2 potions of curing {unknown}
 r - 2 potions of brilliance {unknown}
Books
 c - a book of Spatial Translocations

   Spells                             Type                      Level
   a - Blink                          Translocation                2
   b - Shroud of Golubria             Charms/Translocation         2
   c - Lesser Beckoning               Translocation                3
   d - Gell's Gravitas                Translocation                3
   e - Teleport Other                 Translocation                3
   f - Passage of Golubria            Translocation                4
Comestibles
 f - 2 rations


   Skills:
 + Level 2.5 Fighting
 + Level 3.0 Polearms
 + Level 1.1 Throwing
 + Level 1.7 Armour
 + Level 2.0 Dodging
 + Level 0.8 Stealth
 + Level 2.0 Spellcasting
 + Level 0.4 Charms
 + Level 3.1 Translocations


You had one spell level left.
You knew the following spells:

 Your Spells              Type           Power        Failure   Level  Hunger
a - Blink                 Tloc           N/A          73%         2    ###....
b - Shroud of Golubria    Chrm/Tloc      #.........   88%         2    ###....
c - Teleport Other        Tloc           #.......     91%         3    ####...


Dungeon Overview and Level Annotations

Branches:
Dungeon (5/15)
 Temple: D:4-7

Altars:
Fedhas
Trog
Zin


Innate Abilities, Weirdness & Mutations

You have hooves in place of feet.
Armour fits poorly on your strangely shaped body.
You cover ground very quickly.
You have extremely tough skin. (AC +3)
Your flesh is heat resistant. (rF+)
You expend magic power (3 MP) to strengthen your wands.
Your movements are slightly less encumbered by armour. (ER -2)


Message History

There is a stone staircase leading up here.
You climb upwards.
The howler monkey skeleton barely misses you.
The worker ant bites you.
You are poisoned.
The worker ant poisons you!
There is a stone staircase leading down here.
You feel sick. The howler monkey skeleton hits you.
Casting: Blink
Confirm with . or Enter, or press ? or * to list all spells.
You miscast Blink.
You are very lightly contaminated with residual magic.
Your skin tingles.
You feel sick.
The howler monkey skeleton hits you but does no damage.
Unknown command.
Casting: Blink
Confirm with . or Enter, or press ? or * to list all spells.
You blink.
The ogre hits you with a giant club!!
Ouch! That really hurt!
You die...

#......#
#...
#...#..# #..
#...#O## #..
##.##.# #..
## #a# ##..
#.# #.a.
###.### #...
###.....#
#...
###O@.###..#
#... #.Za###
#..# #....
#ยง### #..#
#.... ###
### ###..
###


You could see an ogre, a worker ant and a howler monkey skeleton.

Vanquished Creatures
  Jessica (D:3)
  Terence (D:3)
  3 gnolls
  4 adders
  An ooze (D:2)
  2 worms (D:3)
  3 dart slugs (D:1)
  2 leopard geckos (D:1)
  5 orcs
  3 giant cockroaches
  5 goblins
  6 hobgoblins
  2 bats (D:3)
  9 frilled lizards
  A jackal skeleton (D:5)
  5 kobolds
  9 rats
62 creatures vanquished.

Notes
Turn   | Place    | Note
-------+----------+-------------------------------------------
     0 | D:1      | doot the Centaur Warper began the quest for the Orb.
     0 | D:1      | Reached XP level 1. HP: 17/17 MP: 3/3
   336 | D:1      | Reached XP level 2. HP: 18/24 MP: 4/4
   340 | D:1      | Learned a level 2 spell: Blink
   343 | D:1      | Learned a level 2 spell: Shroud of Golubria
   758 | D:1      | Reached XP level 3. HP: 27/29 MP: 5/5
  1253 | D:2      | Reached skill level 1 in Armour
  2285 | D:2      | Reached XP level 4. HP: 29/37 MP: 3/6
  2505 | D:3      | Found a blossoming altar of Fedhas.
  2564 | D:3      | Noticed Jessica
  2570 | D:3      | Killed Jessica
  2881 | D:3      | Noticed Terence
  3229 | D:3      | Reached XP level 5. HP: 42/42 MP: 4/7
  3234 | D:3      | Learned a level 3 spell: Teleport Other
  3437 | D:3      | Killed Terence
  3725 | D:3      | Gained mutation: Your movements are slightly less encumbered by armour. (ER -2) [potion of mutation]
  3725 | D:3      | Gained mutation: You expend magic power (3 MP) to strengthen your wands. [potion of mutation]
  3725 | D:3      | Gained mutation: Your flesh is heat resistant. (rF+) [potion of mutation]
  3812 | D:3      | Found a glowing silver altar of Zin.
  4038 | D:4      | Noticed an ogre
  4634 | D:4      | Found a bloodstained altar of Trog.
  4696 | D:5      | Entered Level 5 of the Dungeon
  4825 | D:4      | Slain by an ogre

Skill      XL: |  1  2  3  4  5 |
---------------+----------------+-----
Polearms       | 2 3 |  3.0
Armour         | 1 |  1.7
Translocations | 3 |  3.1
Spellcasting   | 2 |  2.0
Dodging        | 2 |  2.0
Fighting       | |  2.5
Throwing       | |  1.1
Stealth        | |  0.8
Charms         | |  0.4

Action                   |  1- 3 |  4- 6 || total
-------------------------+-------+-------++-------
Melee: Spear             |   143 |       ||   143
       Kick              |    15 |    16 ||    31
       Halberd           |     7 |    82 ||    89
       Staff             |       |    27 ||    27
 Cast: Shroud of Golubri |     5 |     5 ||    10
       Blink             |     1 |     7 ||     8
       Teleport Other    |       |     4 ||     4
 Abil: Evoke Flight      |     1 |       ||     1
  Use: Scroll            |     1 |     5 ||     6
       Potion            |       |     1 ||     1
 Stab: Sleeping          |     5 |     4 ||     9
       Distracted        |       |     1 ||     1
  Eat: Chunk             |     3 |     2 ||     5
       Ration            |       |     2 ||     2
Armor: Leather armour    |    36 |    56 ||    92
Dodge: Dodged            |    61 |    85 ||   146
Block: Large shield      |       |     6 ||     6
